 Dungeon Crawl Stone Soup version 0.20.1-1-g8b1a95d (webtiles) character file.

4683 OneorTwo the Thaumaturge (level 10, -12/50 HPs)
             Began as a Deep Elf Wizard on July 26, 2017.
             Was a Believer of Fedhas.
             Mangled by an orc warrior
             ... wielding a cursed +0 hand axe
              (15 damage)
             ... on level 9 of the Dungeon.
             The game lasted 02:28:34 (12887 turns).

OneorTwo the Thaumaturge (Deep Elf Wizard)         Turns: 12887, Time: 02:28:35

Health: -12/50     AC:  6    Str:  9    XL:     10   Next: 21%
Magic:  26/28      EV: 14    Int: 27    God:    Fedhas [**....]
Gold:   375        SH:  0    Dex: 13    Spells: 20/34 levels left

rFire    + . .     SeeInvis .   o - +4 quarterstaff (chaos)
rCold    x . .     Gourm    .   (shield currently unavailable)
rNeg     . . .     Faith    .   S - +2 robe {MR+}
rPois    .         Spirit   .   b - +1 hat
rElec    .         Reflect  .   t - +0 cloak
rCorr    .         Harm     .   (no gloves)
MR       ++...                  (no boots)
Stlth    +++.......             I - amulet of regeneration
Regen    0.6/turn               j - +5 ring of strength
MPRegen  0.3/turn               C - ring of fire

@: very slightly contaminated
A: no striking features
a: Fungal Bloom, Evolution, Sunlight, Renounce Religion


You were on level 9 of the Dungeon.
You worshipped Fedhas.
Fedhas was pleased with you.
You were not hungry.

You visited 1 branch of the dungeon, and saw 9 of its levels.

You collected 375 gold pieces.

Inventory:

Hand Weapons
 o - a +4 quarterstaff of chaos (weapon)
 A - a +1 dagger of chaos
 B - a +2 whip of flaming
 D - a cursed +4 falchion
 G - a cursed +2 trident of freezing
 J - a +5 long sword
 Q - a +4 halberd
 T - a +2 spear
Missiles
 l - 134 arrows
 m - 132 stones (quivered)
 r - 83 bolts
 u - 51 sling bullets
 z - 27 poisoned needles
 L - 3 poisoned tomahawks
Armour
 b - a +1 hat (worn)
 e - a +0 helmet
 k - a +0 plate armour
 t - a +0 cloak (worn)
 S - a +2 robe of magic resistance (worn)
Jewellery
 j - a +5 ring of strength (left hand)
 y - an uncursed amulet of the gourmand
 C - a ring of fire (right hand)
 I - an amulet of regeneration (around neck)
Wands
 M - a wand of iceblast (7/15)
 O - a wand of paralysis (10/24)
Scrolls
 f - 3 scrolls of teleportation
 g - a scroll of enchant weapon {unknown}
 p - a scroll of identify
 v - 6 scrolls of remove curse
 K - 3 scrolls of amnesia
 U - a scroll of random uselessness
Potions
 N - a potion of curing
Books
 a - a book of Misfortune

   Spells                             Type                      Level
   a - Confusing Touch                Hexes                        1
   b - Confuse                        Hexes                        3
   c - Gell's Gravitas                Translocation                3
   d - Petrify                        Transmutation/Earth          4
   e - Metabolic Englaciation         Hexes/Ice                    5
   f - Yara's Violent Unravelling     Hexes/Transmutation          5
 c - a book of Minor Magic

   Spells                             Type                      Level
   a - Magic Dart                     Conjuration                  1
   b - Blink                          Translocation                2
   c - Call Imp                       Summoning                    2
   d - Slow                           Hexes                        2
   e - Conjure Flame                  Conjuration/Fire             3
   f - Mephitic Cloud                 Conjuration/Poison/Air       3
Comestibles
 d - 2 bread rations
 h - 4 fruits
 n - 4 meat rations
 x - 4 royal jellies


   Skills:
 + Level 3.4 Staves
 + Level 3.7 Throwing
 + Level 4.3 Dodging
 + Level 4.4 Stealth
 + Level 12.6 Spellcasting
 + Level 7.8 Conjurations
 + Level 5.0 Hexes
 + Level 3.4 Summonings
   Level 1.1 Translocations
 + Level 0.7 Fire Magic
 + Level 2.3 Air Magic
 + Level 1.8 Poison Magic
 + Level 0.2 Invocations
 + Level 0.2 Evocations


You had 20 spell levels left.
You knew the following spells:

 Your Spells              Type           Power        Failure   Level  Hunger
a - Magic Dart            Conj           ####         1%          1    None
b - Mephitic Cloud        Conj/Pois/Air  #####...     1%          3    None
c - Call Imp              Summ           #####...     1%          2    None
d - Conjure Flame         Conj/Fire      ######..     1%          3    None
e - Slow                  Hex            #####...     1%          2    None
f - Confuse               Hex            #####...     1%          3    None


Dungeon Overview and Level Annotations

Branches:
Dungeon (9/15)             Temple (0/1) D:4            Lair (0/6) D:8
    Orc: D:9-12

Altars:
Elyvilon
Fedhas
Hepliaklqana
Nemelex Xobeh
Okawaru
Xom

Shops:
D:6 [

Annotations:
D:4 staves


Message History

The orc warrior is severely wounded.
The orc warrior hits you with a hand axe!
You hit the orc warrior but do no damage.
The orc warrior goes berserk!
The orc warrior is severely wounded.
The orc warrior closely misses you.
An orc wizard comes into view. It is wielding a dagger.
The orc warrior hits you with a hand axe!!
* * * LOW HITPOINT WARNING * * *
You hear a shout! x3
Blink to where?
Press: ? - help, Dir - move target cursor You are very lightly contaminated with residual magic.
As you read the scroll of blinking, it crumbles to dust.
Found a runed chain mail.
As you read the scroll of fear, it crumbles to dust.
You assume a fearsome visage.
The orc warrior looks frightened!
The orc warrior hits you with a hand axe!
You die...
Fedhas appreciates your contribution to the ecosystem.

#......#
#.....)#
#......#
#......# o
####.### ..
#..# ... ##.#
.... #.#
.....
#@#####<.....
#.o..)).....%
#.##..#.....%
#.###o.....%.
#.. .........
... #####....
.... #..
..... .
...[.#


You could see 2 orc warriors.

Vanquished Creatures
  Pikel (D:4)
  A centaur skeleton (D:9)
  Grinder (D:6)
  A hippogriff (D:8)
  A wyvern (D:7)
  2 hungry ghosts
  An ice beast (D:8)
  An orc warrior (D:7)
  A black bear (D:8)
  2 phantoms
  3 ogres
  Blork the orc (D:4)
  A big kobold (D:7)
  A bullfrog (D:7)
  2 scorpions
  A wyvern skeleton (D:7)
  A howler monkey (D:7)
  14 wights
  3 electric eels (D:6)
  A bullfrog zombie (D:8)
  6 crimson imps
  2 quasits
  2 jellies
  2 orc priests (D:6)
  4 bullfrog skeletons
  A hound (D:7)
  7 orc wizards
  Crazy Yiuf (D:4)
  4 iguanas
  7 worker ants
  A hound zombie (D:7)
  3 hound skeletons
  10 adders
  2 shadow imps
  2 oozes
  2 adder skeletons (D:6)
  3 worms
  12 dart slugs
  5 leopard geckos
  18 orcs
  12 giant cockroaches
  7 goblins
  7 hobgoblins
  20 jackals
  13 kobolds
  3 quokkas
  A ball python (D:3)
  17 bats
  6 frilled lizards
  A rat (D:2)
221 creatures vanquished.

Vanquished Creatures (collateral kills)
  A phantom (D:6)
  An ogre (D:4)
  A hound (D:5)
  An adder skeleton (D:4)
  2 orcs
  5 giant cockroaches (D:3)
11 creatures vanquished.

Vanquished Creatures (others)
  A howler monkey skeleton (D:7)
  92 toadstools
93 creatures vanquished.

Grand Total: 325 creatures vanquished

Notes
Turn   | Place    | Note
-------+----------+-------------------------------------------
     0 | D:1      | OneorTwo the Deep Elf Wizard began the quest for the Orb.
     0 | D:1      | Reached XP level 1. HP: 10/10 MP: 7/7
   230 | D:1      | Reached skill level 5 in Spellcasting
   240 | D:1      | Reached XP level 2. HP: 10/15 MP: 6/10
   984 | D:1      | Reached XP level 3. HP: 10/19 MP: 7/12
  2080 | D:2      | Reached skill level 6 in Spellcasting
  2259 | D:2      | Found a blossoming altar of Fedhas.
  2367 | D:2      | Became a worshipper of Fedhas Madash
  2399 | D:2      | Noticed an oklob plant
  2531 | D:2      | Reached skill level 1 in Throwing
  2825 | D:3      | Learned a level 3 spell: Mephitic Cloud
  2828 | D:3      | Learned a level 2 spell: Call Imp
  2857 | D:3      | Reached XP level 4. HP: 18/24 MP: 7/14
  3474 | D:3      | Found a white marble altar of Elyvilon.
  4124 | D:3      | Reached XP level 5. HP: 28/28 MP: 14/16
  4220 | D:4      | Reached * piety under Fedhas
  4392 | D:4      | Found a sparkling altar of Nemelex Xobeh.
  4419 | D:4      | Found a runed door.
  4423 | D:4      | Noticed Crazy Yiuf
  4427 | D:4      | Killed Crazy Yiuf
  4496 | D:4      | Found a blossoming altar of Fedhas.
  4627 | D:4      | Found a staircase to the Ecumenical Temple.
  4630 | D:4      | Noticed an ogre
  4639 | D:4      | Killed an ogre
  4639 | D:4      | Reached skill level 7 in Spellcasting
  4639 | D:4      | Reached XP level 6. HP: 32/32 MP: 7/18
  4642 | D:4      | Noticed Blork the orc
  4731 | D:4      | Noticed a slave
  4738 | D:4      | Noticed Pikel
  4908 | D:4      | Noticed a slave
  4972 | D:4      | Found an iron altar of Okawaru.
  5138 | D:4      | Found a shimmering altar of Xom.
  5165 | D:4      | Killed Blork the orc
  5165 | D:4      | Reached skill level 1 in Air Magic
  5198 | D:4      | Reached skill level 8 in Spellcasting
  5198 | D:4      | Reached XP level 7. HP: 17/36 MP: 0/20
  5664 | D:4      | Killed Pikel
  5664 | D:4      | Reached skill level 1 in Staves
  5664 | D:4      | Reached skill level 9 in Spellcasting
  5664 | D:4      | Reached skill level 1 in Poison Magic
  5673 | D:4      | Reached XP level 8. HP: 25/41 MP: 3/23
  5922 | D:5      | Entered Level 5 of the Dungeon
  6020 | D:5      | Found a hazy altar of Hepliaklqana.
  6135 | D:5      | Reached skill level 5 in Conjurations
  6447 | D:5      | Learned a level 3 spell: Conjure Flame
  6450 | D:5      | Learned a level 2 spell: Slow
  7423 | D:5      | Reached skill level 10 in Spellcasting
  7768 | D:6      | Reached skill level 1 in Hexes
  8033 | D:6      | Found Noijif's Armour Shop.
  8265 | D:6      | Reached XP level 9. HP: 45/45 MP: 6/25
  8292 | D:6      | Reached skill level 11 in Spellcasting
  8744 | D:6      | Reached ** piety under Fedhas
  8915 | D:6      | Noticed Grinder
  8933 | D:6      | Paralysed by Grinder for 4 turns
  8943 | D:6      | Killed Grinder
 10519 | D:7      | Reached skill level 12 in Spellcasting
 11323 | D:7      | Learned a level 3 spell: Confuse
 11853 | D:8      | Reached XP level 10. HP: 45/50 MP: 18/28
 12079 | D:8      | Found a staircase to the Lair.
 12879 | D:9      | Reached skill level 5 in Hexes
 12884 | D:9      | HP: 1/50 [orc warrior/hand axe (21)]
 12887 | D:9      | Mangled by an orc warrior

Skill      XL: |  1  2  3  4  5  6  7  8  9 10 |
---------------+-------------------------------+-----
Spellcasting   | 5 6 7 8 9 10 12 | 12.6
Throwing       | 1 2 3 |  3.7
Conjurations   | 2 3 4 5 7 |  7.8
Dodging        | 3 4 |  4.3
Stealth        | 3 4 |  4.4
Air Magic      | 1 2 |  2.3
Summonings     | 2 3 |  3.4
Staves         | 1 2 3 |  3.4
Poison Magic   | 1 |  1.8
Hexes          | 2 3 5 |  5.0
Translocations | |  1.1
Fire Magic     | |  0.7
Invocations    | |  0.2
Evocations     | |  0.2

Action                   |  1- 3 |  4- 6 |  7- 9 | 10-12 || total
-------------------------+-------+-------+-------+-------++-------
Melee: Whip              |     8 |       |       |       ||     8
       Dagger            |       |     4 |       |       ||     4
       Quarterstaff      |       |    14 |    89 |    20 ||   123
Throw: Stone             |    55 |    44 |    95 |     1 ||   195
 Cast: Magic Dart        |   119 |   154 |   466 |    49 ||   788
       Call Imp          |     2 |     9 |     5 |     4 ||    20
       Mephitic Cloud    |       |    10 |    27 |     2 ||    39
       Slow              |       |       |    22 |    18 ||    40
       Conjure Flame     |       |       |    10 |     1 ||    11
       Confuse           |       |       |     1 |       ||     1
Invok: Fungal Bloom      |     2 |     9 |    22 |     3 ||    36
       Sunlight          |       |       |     1 |       ||     1
Evoke: Wand              |       |       |     1 |     2 ||     3
  Use: Scroll            |     5 |     7 |     8 |     2 ||    22
       Potion            |     1 |     3 |     6 |       ||    10
 Stab: Sleeping          |       |     1 |       |       ||     1
       Distracted        |       |       |       |     1 ||     1
  Eat: Chunk             |     3 |    11 |     8 |       ||    22
       Fruit             |     3 |     1 |     2 |       ||     6
       Meat ration       |       |       |     3 |       ||     3
       Bread ration      |       |       |     1 |       ||     1
Armor: Robe              |    18 |    14 |    52 |     5 ||    89
Dodge: Dodged            |    79 |    49 |   129 |    19 ||   276
